 Dungeon Crawl Stone Soup version 0.20-a0-1109-ge3cd172 (webtiles) character file.

945 wolfsongas the Basher (level 7, -19/53 HPs)
             Began as a Minotaur Fighter on May 5, 2017.
             Was a Believer of Makhleb.
             Demolished by an ogre
             ... wielding a +0 giant club
              (24 damage)
             ... on level 7 of the Dungeon.
             The game lasted 00:12:03 (5502 turns).

wolfsongas the Basher (Minotaur Fighter)            Turns: 5502, Time: 00:12:04

Health: -19/53     AC: 10    Str: 20    XL:     7   Next: 89%
Magic:  6/6        EV:  9    Int:  5    God:    Makhleb [**....]
Gold:   233        SH:  0    Dex: 12    Spells: 1/6 levels left

rFire    + . .     SeeInvis .   a - +1 flail
rCold    . . .     Gourm    .   (no shield)
rNeg     . . .     Faith    .   b - +0 scale mail
rPois    .         Spirit   .   (helmet restricted)
rElec    .         Reflect  .   l - +1 cloak {MR+}
rCorr    .         Harm     .   (no gloves)
MR       +....     Clarity  +   (no boots)
Stlth    ..........             (no amulet)
Regen    0.2/turn               e - ring of protection from fire
MPRegen  0.1/turn               (no ring)

@: lethally poisoned (-19 -> -21)
A: retaliatory headbutt, horns 2, rugged brown scales 1, clarity, frail 1
a: Minor Destruction, Renounce Religion


You were on level 7 of the Dungeon.
You worshipped Makhleb.
Makhleb was pleased with you.
You were not hungry.

You visited 1 branch of the dungeon, and saw 7 of its levels.

You collected 233 gold pieces.

Inventory:

Hand Weapons
 a - a +1 flail (weapon)
 m - the cursed +0 spear of the Blessed Realm {venom, Str+3}
   (You found it on level 5 of the Dungeon)

   It poisons the flesh of those it strikes.
   It affects your strength (+3).
   It has a curse placed upon it.
Armour
 b - a +0 scale mail (worn)
 c - a +0 shield
 l - a +1 cloak of magic resistance (worn)
Jewellery
 e - a ring of protection from fire (left hand)
 f - an uncursed amulet of harm
 g - an uncursed amulet of faith
Wands
 i - a wand of random effects (31/48)
 n - a wand of lightning (6/15)
 q - a wand of iceblast (8/15)
 r - a wand of flame (23/48)
Scrolls
 h - 5 scrolls of remove curse
 u - 2 scrolls of teleportation
Potions
 d - 3 potions of curing
 k - a potion of magic
 s - a potion of might
Books
 t - a book of Power

   Spells                             Type                      Level
   a - Iskenderun's Battlesphere      Conjuration/Charms           5
   b - Venom Bolt                     Conjuration/Poison           5
   c - Bolt of Magma                  Conjuration/Fire/Earth       5
   d - Iron Shot                      Conjuration/Earth            6
   e - Orb of Destruction             Conjuration                  7
   f - Spellforged Servitor           Conjuration/Summoning        7
Comestibles
 o - 3 bread rations
 p - a meat ration


   Skills:
 - Level 3.6 Fighting
 * Level 10.9 Maces & Flails
 - Level 3.6 Armour
 - Level 3.6 Shields


You had one spell level left.
You knew the following spells:

 Your Spells              Type           Power        Failure   Level  Hunger
a - Iskenderun's Battles  Conj/Chrm      #.......     100%        5    ######.


Dungeon Overview and Level Annotations

Branches:
Dungeon (7/15)             Temple (0/1) D:4

Altars:
Ashenzari
Fedhas
Gozag
Makhleb
Nemelex Xobeh
Qazlal
Ru


Innate Abilities, Weirdness & Mutations

You reflexively headbutt those who attack you in melee.
You have a pair of horns on your head.
You are partially covered in rugged brown scales. (AC +1, +3% HP)
You possess an exceptional clarity of mind.
You are frail. (-10% HP)


Message History

* * * LOW HITPOINT WARNING * * *
You hit the orc. Your headbutt misses the orc.
The orc is heavily wounded.
The orc completely misses you.
You barely miss the orc wizard.
The orc wizard is heavily wounded.
The orc barely misses you.
The orc wizard casts a spell.
The orc wizard seems to speed up.
The ogre hits you with a giant club!
* * * LOW HITPOINT WARNING * * *
You hit the orc wizard.
The orc wizard is almost dead.
You feel sick.
The orc wizard hits you but does no damage.
The orc hits you but does no damage. The orc completely misses you.
You barely miss the orc wizard.
The orc wizard is almost dead.
The orc wizard hits you but does no damage.
The ogre hits you with a giant club!!
You die...

#######.#.....
#.........#
#.......###
#.......# #
#.......# #.#
#.......# ...#
#.......# ...#
#.......###o..$#
########.@o....#
#.oO...##
#......#
#......#
########


You could see an ogre, an orc wizard and 2 orcs.

Vanquished Creatures
  Eustachio (D:5)
  A phantom (D:4)
  Blork the orc (D:5)
  A bullfrog (D:7)
  A howler monkey (D:4)
  A bullfrog zombie (D:4)
  A bullfrog skeleton (D:7)
  2 hounds
  Crazy Yiuf (D:2)
  An iguana (D:7)
  Ijyb (D:5)
  4 orc wizards
  2 worker ants
  A hound skeleton (D:7)
  5 adders
  3 oozes
  An adder zombie (D:6)
  A worm (D:2)
  4 dart slugs
  3 leopard geckos
  9 orcs
  9 giant cockroaches
  7 goblins
  7 hobgoblins
  4 quokkas
  7 bats
  15 frilled lizards
  A jackal skeleton (D:4)
  12 kobolds
  2 leopard gecko skeletons
  2 quokka skeletons (D:5)
  6 rats
  2 fungi (D:2)
119 creatures vanquished.

Notes
Turn   | Place    | Note
-------+----------+-------------------------------------------
     0 | D:1      | wolfsongas the Minotaur Fighter began the quest for the Orb.
     0 | D:1      | Reached XP level 1. HP: 19/19 MP: 0/0
     8 | D:1      | Noticed an anaconda
    11 | D:1      | Noticed an elephant
    99 | D:1      | Reached skill level 3 in Maces & Flails
   137 | D:1      | Reached XP level 2. HP: 26/26 MP: 1/1
   627 | D:1      | Reached skill level 4 in Maces & Flails
   704 | D:1      | Reached XP level 3. HP: 29/31 MP: 2/2
  1216 | D:2      | Found a burning altar of Makhleb.
  1224 | D:2      | Became a worshipper of Makhleb the Destroyer
  1510 | D:2      | Reached skill level 5 in Maces & Flails
  1532 | D:2      | Reached XP level 4. HP: 32/39 MP: 3/3
  1809 | D:2      | Found a runed door.
  1813 | D:2      | Noticed Crazy Yiuf
  1820 | D:2      | Killed Crazy Yiuf
  1820 | D:2      | Reached * piety under Makhleb
  1820 | D:2      | Reached skill level 6 in Maces & Flails
  2645 | D:3      | Gained mutation: You are frail. (-10% HP) [potion of mutation]
  2645 | D:3      | Gained mutation: You are partially covered in rugged brown scales. (AC +1, +3% HP) [potion of mutation]
  2645 | D:3      | Gained mutation: You possess an exceptional clarity of mind. [potion of mutation]
  2689 | D:3      | Reached XP level 5. HP: 30/41 MP: 4/4
  3490 | D:4      | Found a blossoming altar of Fedhas.
  3490 | D:4      | Found a stormy altar of Qazlal.
  3521 | D:4      | Reached skill level 7 in Maces & Flails
  3888 | D:4      | Found an opulent altar of Gozag.
  3888 | D:4      | Found a sparkling altar of Nemelex Xobeh.
  3913 | D:4      | Found a staircase to the Ecumenical Temple.
  4016 | D:4      | Reached XP level 6. HP: 47/47 MP: 5/5
  4059 | D:4      | Reached skill level 8 in Maces & Flails
  4262 | D:5      | Entered Level 5 of the Dungeon
  4337 | D:5      | Noticed Blork the orc
  4343 | D:5      | Killed Blork the orc
  4361 | D:5      | Reached skill level 9 in Maces & Flails
  4371 | D:5      | Reached XP level 7. HP: 41/53 MP: 6/6
  4459 | D:5      | Noticed Eustachio
  4471 | D:5      | Killed Eustachio
  4599 | D:5      | Got a transparent spear
  4600 | D:5      | Identified the cursed +0 spear of the Blessed Realm {venom, Str+3} (You found it on level 5 of the Dungeon)
  4718 | D:5      | Reached ** piety under Makhleb
  4776 | D:5      | Found a sacrificial altar of Ru.
  4783 | D:5      | Reached skill level 10 in Maces & Flails
  5034 | D:5      | Noticed Ijyb
  5046 | D:5      | Killed Ijyb
  5190 | D:6      | Found a shattered altar of Ashenzari.
  5205 | D:6      | You fall through a shaft!
  5232 | D:7      | Learned a level 5 spell: Iskenderun's Battlesphere
  5502 | D:7      | Demolished by an ogre

Vault maps used:
D:1:      sevenhm_arrival_forest_fort_small_2, minmay_lizard_pond
D:2:      lemuel_round_altar, st_stairs_4, grunt_decor_clamped,
          uniq_crazy_yiuf_cottage
D:4:      grunt_temple_overflow_forces_of_nature,
          grunt_temple_overflow_opulence, minmay_temple_entry_statues_fountains,
          first_bread, kennysheep_diamond
D:5:      nicolae_ru_great_annihilating_truth, uniq_blork_the_orc, uniq_ijyb,
          uniq_eustachio
D:6:      lemuel_blue_sif_altar, ashenzari_conservatory_becter, uniq_menkaure

Skill      XL: |  1  2  3  4  5  6  7 |
---------------+----------------------+-----
Maces & Flails | 3 4 5 6 7 9 10 | 10.9
Fighting       | |  3.6
Armour         | |  3.6
Shields        | |  3.6

Action                   |  1- 3 |  4- 6 |  7- 9 || total
-------------------------+-------+-------+-------++-------
Melee: Flail             |    86 |   143 |    89 ||   318
       Headbutt          |    13 |    17 |    16 ||    46
       Unarmed           |       |     2 |       ||     2
  Use: Scroll            |     5 |     3 |     3 ||    11
       Potion            |     2 |     4 |     3 ||     9
  Eat: Meat ration       |     1 |     1 |       ||     2
       Bread ration      |     1 |       |       ||     1
       Royal jelly       |       |     1 |     1 ||     2
Armor: Scale mail        |    48 |    57 |    62 ||   167
Dodge: Dodged            |    61 |    51 |    52 ||   164
